 Dungeon Crawl Stone Soup version 0.32-a0-876-gcfddb08e57 (webtiles) character file.

Game seed: 14383105496024747573

784 yleetSyT the Cleaver (level 7, 0/60 HPs)
             Began as a Gnoll Wanderer on Apr 1, 2024.
             Slain by an iguana (4 damage)
             ... on level 5 of the Dungeon.
             The game lasted 00:06:35 (3779 turns).

yleetSyT the Cleaver (Gnoll Wanderer)               Turns: 3779, Time: 00:06:35

Health: 0/60       AC: 15    Str: 13    XL:     7   Next: 86%
Magic:  11/11      EV:  9    Int: 11    God:
Gold:   181        SH:  0    Dex: 12    Spells: 11/11 levels left

rFire   . . .        a - +3 hand axe
rCold   . . .        (no shield)
rNeg    . . .        t - +2 scale mail {rPois}
rPois   +            e - +0 helmet
rElec   .            k - +0 cloak
rCorr   .            i - +0 pair of gloves
SInv    .            f - +1 pair of boots {rampage}
Will    .....        (no amulet)
Stlth   +            (no ring)
HPRegen 0.30/turn    (no ring)
MPRegen 0.12/turn

%: rampage
@: hasted, very quick
A: fangs 1, strong nose, distributed training
a: no special abilities


You were on level 5 of the Dungeon.
You visited 1 branch of the dungeon, and saw 5 of its levels.

You collected 379 gold pieces.
You spent 198 gold pieces at shops.

Inventory:

Hand Weapons
 a - a +3 hand axe (weapon)
 h - a +0 whip
Missiles
 n - 2 boomerangs (quivered)
Armour
 e - a +0 helmet (worn)
 f - a +1 pair of boots of rampaging (worn)
 i - a +0 pair of gloves (worn)
 k - a +0 cloak (worn)
 t - a +2 scale mail of poison resistance (worn)
Wands
 b - a wand of light (11)
 d - a wand of polymorph (4)
Scrolls
 c - 3 scrolls of blinking
 g - a scroll of teleportation
Potions
 l - a potion of might
 q - 2 potions of lignification


   Skills:
 + Level 7.2 Fighting
 + Level 2.8 Short Blades
 + Level 2.8 Long Blades
 + Level 10.8 Axes
 + Level 2.8 Maces & Flails
 + Level 2.8 Polearms
 + Level 2.8 Staves
 + Level 2.8 Ranged Weapons
 + Level 2.8 Throwing
 + Level 5.4 Armour
 + Level 2.8 Dodging
 + Level 2.8 Stealth
 + Level 2.8 Shields
 + Level 2.8 Unarmed Combat
 + Level 2.8 Spellcasting
 + Level 2.3 Conjurations
 + Level 2.3 Hexes
 + Level 2.3 Summonings
 + Level 2.3 Necromancy
 + Level 2.3 Translocations
 + Level 2.3 Fire Magic
 + Level 2.3 Ice Magic
 + Level 2.3 Air Magic
 + Level 2.3 Earth Magic
 + Level 2.3 Alchemy
 + Level 3.1 Invocations
 + Level 2.8 Evocations
 + Level 2.6 Shapeshifting


You had 11 spell levels left.
You didn't know any spells.
Your spell library contained the following spells:

 Spells                   Type           Power      Damage    Failure   Level
 Mercury Vapours          Alch/Air       12%        N/A       54%         2
 Mephitic Cloud           Conj/Alch/Air  6%         N/A       77%         3
 Freezing Cloud           Conj/Ice/Air   3%         6-21      100%        5
 Iskenderun's Battlesphe  Conj           6%         2d6       100%        5
 Bombard                  Conj/Erth      3%         9d1       100%        6
 Spellforged Servitor     Conj/Summ      3%         N/A       100%        7


Dungeon Overview and Level Annotations

Branches:
Dungeon (5/15)
 Temple: D:4-7

Altars:
Wu Jian

Shops:
D:1 :   D:4 [   D:5 [


Innate Abilities, Weirdness & Mutations

You have very sharp teeth.
Your uncanny sense of smell can sniff out nearby items.
Your experience applies equally to all skills.


Message History

You barely miss the black bear.
The black bear is almost dead.
The gnoll hits you but does no damage. The black bear barely misses you. x2
The black bear misses you. The gnoll hits you but does no damage.
You slash the black bear!
You kill the black bear!
You rampage towards the gnoll!
You hit the gnoll. You bite the gnoll, but do no damage.
The gnoll is moderately wounded.
You hit the gnoll. The gnoll hits you but does no damage.
The gnoll hits you with a +2 spear of flaming.
* * * LOW HITPOINT WARNING * * *
The gnoll burns you.
* * * LOW HITPOINT WARNING * * *
The gnoll closely misses you.
You hit the gnoll. Your bite misses the gnoll.
The gnoll is moderately wounded.
You barely miss the gnoll.
Unknown command.
You slash the gnoll!
You kill the gnoll!
You hit the gnoll.
The gnoll hits you from afar with a +0 spear.
* * * LOW HITPOINT WARNING * * *
The gnoll hits you with a +0 spear.
* * * LOW HITPOINT WARNING * * *
You barely miss the gnoll. You bite the gnoll, but do no damage.
The gnoll is moderately wounded.
Unknown command.
You hit the gnoll.
The gnoll is severely wounded.
You barely miss the iguana.
The gnoll hits you from afar with a +0 spear.
* * * LOW HITPOINT WARNING * * *
The gnoll hits you with a +0 spear.
* * * LOW HITPOINT WARNING * * *
Unknown command.
It was a potion of magic.
Magic courses through your body. The iguana bites you.
You die...

#.######..ยง.##......#.#.##.#
#.######....##........#.##.#
##.#####....##.......##+##.#
.#.##......................#
,,,,*,,,,,,,...####.#......#
,*,,,,,,,,,,,,,##...#......#
**,**,,,,,,,,,,#..###......#
*,***,,,,,,,,,,#.## #......#
*,* *,,,,,,,,,,#@#**########
*,*
*,,,,......lg...#************
,,*
*,,,,......g###...#*,,,,,,,,,
,**
*,,,,.......****#...,,,,,,,,,
**
*,,,,.......,,,***#.,,,,,,,,,
** *,,,,.......,,,,*
*,,,,,,,,,, ,*
*,,,,.......,,,,* **,,,,,,,,,
,**
**,,,#####..,,,,*****,******,
,,* *,,,*
*,,,,,,,,*,,,******,


You could see an iguana and 2 gnolls.

Vanquished Creatures
  Sigmund (D:2)
  3 black bears
  A bombardier beetle (D:3)
  A gnoll bouda (D:4)
  A hound (D:4)
  2 iguanas (D:4)
  9 gnolls
  4 adders
  A white imp (D:5)
  2 ribbon worms
  3 dart slugs
  5 orcs
  7 ball pythons
  2 endoplasms
  6 giant cockroaches
  6 goblins
  4 hobgoblins
  6 jackals (D:2)
  2 quokkas (D:1)
  4 bats
  3 frilled lizards
  5 kobolds
  2 rats
80 creatures vanquished.

Notes
Turn   | Place    | Note
-------+----------+-------------------------------------------
     0 | D:1      | Reached skill level 10 in Axes
     0 | D:1      | yleetSyT the Gnoll Wanderer began the quest for the Orb.
     0 | D:1      | yleetSyT set off with the following items: a +3 hand axe, a
                  | +0 ring mail, a scroll of blinking.
     0 | D:1      | Reached XP level 1. HP: 23/23 MP: 1/1
   108 | D:1      | Found Esain's Book Emporium.
   213 | D:1      | Reached XP level 2. HP: 29/29 MP: 2/2
   854 | D:2      | Reached XP level 3. HP: 33/35 MP: 3/3
  1053 | D:2      | Reached skill level 1 in Invocations
  1064 | D:2      | Found an ornate altar of the Wu Jian Council.
  1070 | D:2      | Reached skill level 1 in Short Blades
  1070 | D:2      | Reached skill level 1 in Long Blades
  1070 | D:2      | Reached skill level 1 in Maces & Flails
  1070 | D:2      | Reached skill level 1 in Polearms
  1070 | D:2      | Reached skill level 1 in Staves
  1070 | D:2      | Reached skill level 1 in Ranged Weapons
  1070 | D:2      | Reached skill level 1 in Throwing
  1070 | D:2      | Reached skill level 1 in Dodging
  1070 | D:2      | Reached skill level 1 in Stealth
  1070 | D:2      | Reached skill level 1 in Shields
  1070 | D:2      | Reached skill level 1 in Unarmed Combat
  1070 | D:2      | Reached skill level 1 in Spellcasting
  1070 | D:2      | Reached skill level 1 in Evocations
  1166 | D:2      | Noticed Sigmund
  1188 | D:2      | Killed Sigmund
  1189 | D:2      | Reached skill level 1 in Conjurations
  1189 | D:2      | Reached skill level 1 in Hexes
  1189 | D:2      | Reached skill level 1 in Summonings
  1189 | D:2      | Reached skill level 1 in Necromancy
  1189 | D:2      | Reached skill level 1 in Translocations
  1189 | D:2      | Reached skill level 1 in Fire Magic
  1189 | D:2      | Reached skill level 1 in Ice Magic
  1189 | D:2      | Reached skill level 1 in Air Magic
  1189 | D:2      | Reached skill level 1 in Earth Magic
  1189 | D:2      | Reached skill level 1 in Alchemy
  1189 | D:2      | Reached skill level 1 in Shapeshifting
  1189 | D:2      | Reached XP level 4. HP: 12/41 MP: 4/6
  1189 | D:2      | Reached XP level 5. HP: 13/47 MP: 4/7
  1693 | D:3      | Identified a scroll of acquirement
  1693 | D:3      | Acquired a +1 pair of boots of rampaging
  1959 | D:3      | Reached XP level 6. HP: 41/53 MP: 8/8
  2084 | D:3      | Reached skill level 5 in Armour
  2240 | D:3      | You fall into a shaft and drop 1 floor!
  3069 | D:4      | Noticed a black bear
  3076 | D:4      | Killed a black bear
  3077 | D:4      | Reached XP level 7. HP: 47/59 MP: 10/10
  3247 | D:4      | Found Tezun's Armour Shop.
  3255 | D:4      | Bought a +2 scale mail of poison resistance for 198 gold
                  | pieces
  3666 | D:5      | Entered Level 5 of the Dungeon
  3701 | D:5      | Found Boiqoirr's Armour Boutique.
  3779 | D:5      | Slain by an iguana

Illustrated notes

Levels and vault maps discovered:
D:1:      dpeg_arrival_orchard, layout_loops_ring, serial_shops, shop
D:2:      layout_basic, basic_altar, uniq_sigmund
D:3:      layout_basic
D:4:      nicolae_cairo_tiling_very_big, layout_basic, serial_shops, shop
D:5:      wad_crossroads, layout_basic, serial_shops, shop, uniq_eustachio,
          uniq_duvessa, uniq_prince_ribbit1

Skill      XL: |  1  2  3  4  5  6  7 |
---------------+----------------------+-----
Axes           | | 10.8
Invocations    | 2 3 |  3.1
Short Blades   | 1 2 |  2.8
Long Blades    | 1 2 |  2.8
Maces & Flails | 1 2 |  2.8
Polearms       | 1 2 |  2.8
Staves         | 1 2 |  2.8
Ranged Weapons | 1 2 |  2.8
Throwing       | 1 2 |  2.8
Dodging        | 1 2 |  2.8
Stealth        | 1 2 |  2.8
Shields        | 1 2 |  2.8
Unarmed Combat | 1 2 |  2.8
Spellcasting   | 1 2 |  2.8
Evocations     | 1 2 |  2.8
Conjurations   | 1 2 |  2.3
Hexes          | 1 2 |  2.3
Summonings     | 1 2 |  2.3
Necromancy     | 1 2 |  2.3
Translocations | 1 2 |  2.3
Fire Magic     | 1 2 |  2.3
Ice Magic      | 1 2 |  2.3
Air Magic      | 1 2 |  2.3
Earth Magic    | 1 2 |  2.3
Alchemy        | 1 2 |  2.3
Shapeshifting  | 1 2 |  2.6
Armour         | 5 |  5.4
Fighting       | 7 |  7.2

Action                     |  1- 3 |  4- 6 |  7- 9 || total
---------------------------+-------+-------+-------++-------
  Melee: Hand axe          |    73 |    93 |    76 ||   242
         Bite              |       |    12 |     6 ||    18
  Evoke: Wand              |     1 |       |       ||     1
    Use: Scroll            |       |     6 |     2 ||     8
         Potion            |       |       |     3 ||     3
 Armour: Ring mail         |    36 |       |       ||    36
         Scale mail        |     8 |    59 |   102 ||   169
  Dodge: Dodged            |    24 |    22 |    41 ||    87

Table legend: (Time is in decaauts)
 A = Elapsed time spent in this place.
 B = Non-inter-level travel time spent in this place.
 C = Inter-level travel time spent in this place.
 D = Time resting spent in this place.
 E = Time spent auto-exploring this place.
 F = Levels seen in this place.
 G = Mean time per level.
                   A        B        C        D        E       F      G
               +--------+--------+--------+--------+--------+-----+--------+
         Total |   3719 |   3566 |    153 |    591 |   2409 |   5 |  743.8 |
       Dungeon |   3719 |   3566 |    153 |    591 |   2409 |   5 |  743.8 |
               +--------+--------+--------+--------+--------+-----+--------+

Top non-repeatable levels by time:
     D:3: 995 daAuts
     D:4: 951 daAuts
     D:2: 847 daAuts
     D:1: 824 daAuts
     D:5: 100 daAuts
